 Dungeon Crawl Stone Soup version 0.31-a0-940-gdaa99269f9 (webtiles) character file.

Game seed: 18343641314076878845

767 kae the Cleaver (level 7, -4/57 HPs)
             Began as a Hill Orc Fighter on Oct 20, 2023.
             Slain by an ogre
             ... wielding a +0 giant spiked club
              (21 damage)
             ... on level 5 of the Dungeon.
             The game lasted 00:02:04 (3626 turns).

kae the Cleaver (Hill Orc Fighter)                  Turns: 3626, Time: 00:02:04

Health: -4/57      AC:  9    Str: 21    XL:     7   Next: 82%
Magic:  7/7        EV:  9    Int:  8    God:
Gold:   189        SH:  4    Dex: 10    Spells: 6/6 levels left

rFire   . . .        a - +0 war axe
rCold   . . .        c - +0 buckler
rNeg    . . .        b - +0 scale mail
rPois   .            (no helmet)
rElec   .            p - +1 cloak
rCorr   .            (no gloves)
SInv    +            (no boots)
Will    .....        (no amulet) Stlth
                     v - ring of see invisible
HPRegen 0.29/turn    (no ring)
MPRegen 0.10/turn

%: no passive effects
@: about to teleport
A: no striking features
a: no special abilities


You were on level 5 of the Dungeon.
You visited 2 branches of the dungeon, and saw 6 of its levels.

You collected 189 gold pieces.


   Skills:
 - Level 3.6 Fighting
 + Level 11.3 Axes
 - Level 3.2 Armour
 - Level 3.2 Shields


You had 6 spell levels left.
You didn't know any spells.
Your spell library contained the following spells:

 Spells                   Type           Power      Damage    Failure   Level
 Freeze                   Ice            0%         1d3       82%         1
 Blink                    Tloc           0%         N/A       91%         2
 Ensorcelled Hibernation  Hex/Ice        0%         N/A       91%         2
 Jinxbite                 Hex            0%         N/A       91%         2
 Static Discharge         Conj/Air       0%         3-3/arc   91%         2
 Frozen Ramparts          Ice            0%         1d1       99%         3
 Hailstorm                Conj/Ice       0%         3d3       99%         3
 Airstrike                Air            0%         2d(0-16)  100%        4
 Anguish                  Hex/Necr       0%         N/A       100%        4
 Manifold Assault         Tloc           0%         N/A       100%        4
 Summon Lightning Spire   Summ/Air       0%         N/A       100%        4
 Alistair's Intoxication  Tmut/Pois      0%         N/A       100%        5
 Borgnjor's Vile Clutch   Necr/Erth      0%         N/A       100%        5
 Eringya's Noxious Bog    Tmut/Pois      0%         4d6       100%        6

Inventory:

Hand Weapons
 a - a +0 war axe (weapon)
Missiles
 e - 9 poisoned darts
 f - 48 stones
 w - 4 silver javelins
Armour
 b - a +0 scale mail (worn)
 c - a +0 buckler (worn)
 p - a +1 cloak (worn)
   (You found it on level 2 of the Dungeon)
Jewellery
 g - an amulet of regeneration
   (You found it on level 1 of the Dungeon)
 v - a ring of see invisible (left hand)
   (You found it on level 1 of the Dungeon)
 S - a +6 ring of strength
   (You found it on level 4 of the Dungeon)
 T - an amulet of faith {!P}
   (You found it on level 1 of the Dungeon)
 Z - a ring of wizardry
   (You took it off an orc wizard on level 4 of the Dungeon)
Wands
 h - a wand of iceblast (6)
   (You found it on level 3 of the Dungeon)
 r - a wand of charming (10)
   (You found it on level 4 of the Dungeon)
Scrolls
 l - a scroll of revelation
 q - a scroll of fog
 s - a scroll of blinking {unknown}
 t - a scroll of teleportation {@r4}
Potions
 d - a potion of might
 i - a potion of attraction {unknown}
 j - a potion of ambrosia {unknown}
 k - a potion of enlightenment {unknown}
 m - a potion of curing {@q1}
 n - 2 potions of berserk rage {unknown}
 o - a potion of invisibility

Dungeon Overview and Level Annotations

Branches:
Dungeon (5/15) Zot: 26327  Temple (1/1) D:5 Zot: 5990

Altars:
Ashenzari
Dithmenos
Elyvilon
Fedhas
Makhleb
Nemelex Xobeh
Ru
Sif Muna
Trog
Uskayaw
Vehumet
Wu Jian
Xom
Yredelemnul
Zin
Jiyva

#.........^..
.##............
..?.......>...
#............
#........$...
####...........
.................
#..##.# #hO.....#
#..#.. ##@..#####
#####....###...##
#........#....##
###........#...##
##....>.........#
#.............###
......).)....###..
........†.>......#
..........###....#


You could see a black bear and an ogre.


Message History

You see here a +0 dagger.
There is a large open door here.
Partly explored, can't reach some places. 😎 HP[+16]
Your hp is fully restored (57).
No target in view!
No target in view!
Partly explored, can't reach some places.
Partly explored, can't reach some places.
No target in view!
No target in view!
Partly explored, can't reach some places.
There is a stone staircase leading down here.
You climb downwards.
There is a stone staircase leading up here.
As you read the scroll labelled INIEWN ZAJEIT, it crumbles to dust.
You feel strangely unstable.
It was a scroll of teleportation.
As you read the scroll labelled LOSOTINOINT, it crumbles to dust.
It is a scroll of enchant armour.
Your +0 cloak glows green for a moment.
As you read the scroll labelled NYUTZO SIH WOY, it crumbles to dust.
A profound silence engulfs you.
It was a scroll of silence.
Unknown command.
You start waiting.
Your surroundings suddenly seem different.
An orc priest, a hound and a centaur come into view.
Found 10 gold pieces.
Found a staircase to the Ecumenical Temple and a stone staircase leading down.
The centaur hits you but does no damage.
The centaur kicks you but does no damage.
You slash the centaur!
The centaur hits you but does no damage.
The centaur kicks you but does no damage.
The centaur hits you but does no damage.
The centaur kicks you but does no damage.
You barely miss the centaur. You slash the orc priest!
The centaur hits you but does no damage.
The centaur kicks you.
The orc priest barely misses you. 😕 HP[-1]
You take 1 damage, and now have 56/57 hp.
You slash the centaur!
You kill the centaur!
You hit the orc priest. The orc priest hits you with a +0 whip.
Your Axes skill increases to level 11!
You closely miss the orc priest. You hit the hound.
The hound bites you but does no damage.
You block the orc priest's attack. 😕 HP[-3]
You take 3 damage, and now have 53/57 hp.
You slash the orc priest!
You kill the orc priest!
You slash the hound! The hound bites you. The hound completely misses you.
You slash the hound!
You kill the hound!
No target in view!
No target in view!
No target in view!
No target in view!
You see here a +0 whip.
There is a staircase to the Ecumenical Temple here. 😕 HP[+1]
You climb downwards.
Welcome to the Ecumenical Temple!
Found a staircase back to the Dungeon.
There is a staircase back to the Dungeon here.
Done exploring. 😎 HP[+3]
Your hp is fully restored (57).
Unknown command.
Done exploring.
Done exploring.
Search for what [Enter for "cloak", or ? for help]? qaz Can't find anything matching that.
You climb upwards.
Welcome back to the Dungeon!
There is a staircase to the Ecumenical Temple here.
Found a stone staircase leading up.
You now have 182 gold pieces (gained 10).
There is a staircase to the Ecumenical Temple here.
Your hearing returns.
You now have 189 gold pieces (gained 7).
An ogre comes into view. It is wielding a +0 giant spiked club.
Found a stone staircase leading down.
An ogre is nearby!
An ogre is nearby!
An ogre is nearby!
A black bear comes into view.
You slash the ogre!
The ogre hits you with a +0 giant spiked club!
You slash the ogre!
The ogre hits you with a +0 giant spiked club!!
Ouch! That really hurt!
* * * LOW HITPOINT WARNING * * *
😨 HP[-41]
You take 41 damage, and now have 16/57 hp.
MASSIVE DAMAGE!! (PAUSE)
Okay, then.
As you read the scroll of teleportation {@r4}, it crumbles to dust.
You feel strangely unstable. The ogre attacks as it pursues you!
The ogre hits you with a +0 giant spiked club!!
You die...

Skill      XL: |  1  2  3  4  5  6  7 |
---------------+----------------------+-----
Axes           | 3 4 5 7 8 9 11 | 11.3
Fighting       | |  3.6
Armour         | |  3.2
Shields        | |  3.2

Action                     |  1- 3 |  4- 6 |  7- 9 || total
---------------------------+-------+-------+-------++-------
  Melee: War axe           |    86 |   150 |    44 ||   280
  Evoke: Wand              |       |     1 |       ||     1
    Use: Scroll            |       |     6 |     4 ||    10
 Armour: Scale mail        |    65 |   114 |    36 ||   215
  Dodge: Dodged            |    35 |    65 |    15 ||   115
  Block: Buckler           |    18 |    27 |    14 ||    59

Levels and vault maps discovered:
D:1:      erik_arrival_cave_to_civilisation [erik_arrival_cave_to_hall],
          layout_basic
D:2:      layout_rooms, hellmonk_ecumenical_altar_watching_god,
          chequers_serial_rivers_small_a
D:3:      layout_rooms, mainiacjoe_overflow_catwalk, minmay_surrounded
D:4:      layout_loops_corners, kennysheep_ying_yang, fedhas_altar_3,
          kennysheep_opposing_triangles
D:5:      layout_rooms, minmay_temple_entry_proselytizer
Temple:   pf_slime_end_temple

Notes
Turn   | Place    | Note
-------+----------+-------------------------------------------
     0 | D:1      | kae the Hill Orc Fighter began the quest for the Orb.
     0 | D:1      | Reached XP level 1. HP: 19/19 MP: 1/1
     0 | D:1      | magus.rc [v1.11.3]
    28 | D:1      | Reached skill level 3 in Axes
   152 | D:1      | Reached XP level 2. HP: 26/26 MP: 2/2
   232 | D:1      | Reached skill level 4 in Axes
   646 | D:1      | You add the spells Blink and Manifold Assault to your
                  | library.
  1002 | D:2      | Reached XP level 3. HP: 30/31 MP: 3/3
  1029 | D:2      | Reached skill level 5 in Axes
  1215 | D:2      | Reached XP level 4. HP: 39/39 MP: 4/4
  1378 | D:2      | Found a faded altar of an unknown god.
  1388 | D:2      | Noticed a floating eye
  1395 | D:2      | Noticed a great orb of eyes
  1398 | D:2      | Noticed a shining eye
  1398 | D:2      | Noticed a golden eye
  1518 | D:3      | Reached skill level 6 in Axes
  1671 | D:3      | Noticed a black bear
  1680 | D:3      | Killed a black bear
  1681 | D:3      | Reached skill level 7 in Axes
  1681 | D:3      | Reached XP level 5. HP: 43/45 MP: 5/5
  1690 | D:3      | You pick up a book of Frost and begin reading...
  1690 | D:3      | You add the spells Freeze, Frozen Ramparts and Hailstorm to
                  | your library.
  1696 | D:3      | You pick up a book of Storms and begin reading...
  1696 | D:3      | You add the spells Static Discharge, Airstrike and Summon
                  | Lightning Spire to your library.
  1782 | D:3      | Found a broken altar of Ashenzari.
  1796 | D:3      | Reached skill level 8 in Axes
  1829 | D:3      | Reached XP level 6. HP: 51/51 MP: 6/6
  2220 | D:4      | Found a blossoming altar of Fedhas.
  2330 | D:4      | You add the spells Alistair's Intoxication, Borgnjor's Vile
                  | Clutch and Eringya's Noxious Bog to your library.
  2410 | D:4      | Reached skill level 9 in Axes
  2436 | D:4      | You pick up a book of Dreams and begin reading...
  2436 | D:4      | You add the spells Jinxbite, Ensorcelled Hibernation and
                  | Anguish to your library.
  2644 | D:4      | Noticed a sky beast
  2667 | D:4      | Killed a sky beast
  2668 | D:4      | Reached XP level 7. HP: 37/57 MP: 7/7
  2864 | D:4      | Reached skill level 10 in Axes
  2931 | D:4      | Found a white marble altar of Elyvilon.
  3255 | D:4      | Found a basalt altar of Yredelemnul.
  3578 | D:5      | Entered Level 5 of the Dungeon
  3583 | D:5      | Found a staircase to the Ecumenical Temple.
  3587 | D:5      | Reached skill level 11 in Axes
  3594 | Temple   | Entered the Ecumenical Temple
  3626 | D:5      | Slain by an ogre

Vanquished Creatures
  A sky beast (D:4)
  A black bear (D:3)
  A centaur (D:5)
  A bullfrog (D:4)
  A hound (D:5)
  3 orc priests
  2 iguanas (D:4)
  4 orc wizards
  8 adders
  A dart slug (D:3)
  16 orcs
  5 bats
  5 endoplasms
  6 giant cockroaches
  5 hobgoblins
  4 jackals (D:2)
  10 kobolds
  2 quokkas
  4 ball pythons
  3 frilled lizards
  9 goblins
  9 rats
101 creatures vanquished.

Table legend:
 A = Non-vault XP
 B = Vault XP
 C = Vault XP percentage of total XP
 D = Non-vault monster count
 E = Vault monster count
 F = Vault count percentage of total count
                 A         B        C        D         E       F
            +---------+---------+-------+---------+---------+-------
      Total |    1040 |      57 |   5.2 |      91 |      10 |   9.9
            +---------+---------+-------+---------+---------+-------
        D:1 |      23 |       3 |  11.5 |      16 |       2 |  11.1
        D:2 |      74 |       0 |   0.0 |      23 |       0 |   0.0
        D:3 |     312 |       5 |   1.6 |      24 |       3 |  11.1
        D:4 |     480 |       8 |   1.6 |      26 |       4 |  13.3
        D:5 |     151 |      41 |  21.4 |       2 |       1 |  33.3
            +---------+---------+-------+---------+---------+-------

Skill      XL: |  1  2  3  4  5  6  7 |
---------------+----------------------+-----
Axes           | 3 4 5 7 8 9 11 | 11.3
Fighting       | |  3.6
Armour         | |  3.2
Shields        | |  3.2

Action                     |  1- 3 |  4- 6 |  7- 9 || total
---------------------------+-------+-------+-------++-------
  Melee: War axe           |    86 |   150 |    44 ||   280
  Evoke: Wand              |       |     1 |       ||     1
    Use: Scroll            |       |     6 |     4 ||    10
 Armour: Scale mail        |    65 |   114 |    36 ||   215
  Dodge: Dodged            |    35 |    65 |    15 ||   115
  Block: Buckler           |    18 |    27 |    14 ||    59

Illustrated notes

Table legend:
 A = Kills in this place as a percentage of kills in the entire game.
 B = Kills by you in this place as a percentage of kills by you in the entire game.
 C = Kills by friends in this place as a percentage of kills by friends in the entire game.
 D = Other kills in this place as a percentage of other kills in the entire game.
 E = Experience gained in this place as a percentage of experience gained in the entire game.
 F = Experience gained in this place divided by the number of levels of this place that you have seen.
                   A       B       C       D       E      F
               +-------+-------+-------+-------+-------+----------------------
         Total | 100.0 | 100.0 |   N/A |   N/A | 100.0 | 182.8
       Dungeon | 100.0 | 100.0 |   N/A |   N/A | 100.0 | 219.4
               +-------+-------+-------+-------+-------+----------------------

Table legend: (Time is in decaauts)
 A = Elapsed time spent in this place.
 B = Non-inter-level travel time spent in this place.
 C = Inter-level travel time spent in this place.
 D = Time resting spent in this place.
 E = Time spent auto-exploring this place.
 F = Levels seen in this place.
 G = Mean time per level.
                   A        B        C        D        E       F      G
               +--------+--------+--------+--------+--------+-----+--------+
         Total |   3681 |   3535 |    146 |      2 |   2915 |   6 |  613.5 |
       Dungeon |   3671 |   3526 |    145 |      2 |   2907 |   5 |  734.2 |
        Temple |      9 |      8 |      1 |      0 |      8 |   1 |    9.0 |
               +--------+--------+--------+--------+--------+-----+--------+

Top non-repeatable levels by time:
     D:4: 1439 daAuts
     D:1: 942 daAuts
     D:3: 650 daAuts
     D:2: 599 daAuts
     D:5: 38 daAuts
  Temple: 9 daAuts
